AoeStats
← jugi

Arena

509598111Analyzed
1v1 RM · 3d ago on Sep 27, 2026· 24m 42s· 2 players
Game mode
Random Map
Map size
Tiny (2 player)
Population
200
Speed
Normal
Resources
Standard
Victory
Conquest
Starting age
Dark Age
Ending age
Imperial Age
RankedLock teamsTeams togetherTeam positionsShared explorationLock speedFull tech treeHidden civsTurbo modeCheats
Victory
Defeat
🇬🇧 Saxons · United Kingdom
1214
+17
🇭🇺 Spanish · Hungary
1242
-17
Binny Bong Baron
10:48 Feudal Age
12:00 Horse Collar
14:46 Castle Age
14:50 Scale Mail Armor
14:46 Fletching
17:54 Bodkin Arrow
18:02 Double-Bit Axe
21:42 Scale Mail Armor
22:53 Squires
24:52 Chain Mail Armor
jugi
4:05 Loom
12:31 Feudal Age
13:50 Double-Bit Axe
16:21 Castle Age
15:11 Horse Collar
17:28 Bow Saw
17:11 Gold Mining
17:31 Heavy Plow
Connection lost

Rejoining the realm…

Still unreachable

The connection could not be restored.

Session expired

The server has moved on; the page needs a fresh start.